Map: Blackpink EC

Players

Pistolentom

  • Race: Protoss Protoss
  • League: Diamond
  • Spawn Location: 1:00

Ten - Winner!

  • Race: Zerg Zerg
  • League: Diamond
  • Spawn Location: 7:00

VOD

Have the link to the VOD?

Description

One crazy game :) - Diamond

- Cannon rush
- 3 minutes proxy hatchery (as 3rd) with creep spread in protoss's natural
- sneaky nexus with proxy void rays
- void rays vs lings trade base => back to 1 base vs 1 base
- More crazy expands from the protoss

Time

  • Played on: Jan. 6, 2018, 6:11 p.m.
  • Length: 10:31
Show
View Real Time Build Order
Export as new Build Order

Pistolentom Protoss 

Build Orders:  

Get SALT Encoding   

  12  0:03  Probe (Chrono Boost)  
  13  0:16  Pylon  
  13  0:17  Probe (Chrono Boost)  
  14  0:29  Probe  
  15  0:41  Probe, Forge  
  16  0:55  Pylon  
  16  1:17  Photon Cannon  
  15  1:32  Assimilator  
  15  1:34  Assimilator  
  15  1:38  Gateway  
  15  1:44  Probe  
  16  1:56  Probe  
  16  2:01  Pylon  
  17  2:08  Probe  
  18  2:20  Probe  
  18  2:21  Photon Cannon  
  19  2:32  Cybernetics Core, Probe  
  20  3:04  Pylon  
  20  3:19  Nexus  
  19  3:25  Photon Cannon  
  19  3:32  Pylon  
  19  3:36  Pylon  
  19  3:40  Zealot  
  21  3:44  Probe (Chrono Boost)  
  22  3:55  Photon Cannon  
  23  3:56  Probe (Chrono Boost)  
  23  4:03  Stargate  
  23  4:32  Photon Cannon  
  23  4:35  Stargate, Probe  
  24  4:47  Probe  
  23  4:55  Void Ray (Chrono Boost)  
  28  5:00  Probe  
  28  5:11  Stalker  
  28  5:12  Probe  
  31  5:24  Probe  
  36  5:30  Void Ray (Chrono Boost)  
  36  5:32  Void Ray (Chrono Boost)  
  40  5:36  Probe  
  41  5:48  Probe  
  42  6:21  Void Ray  
  46  6:30  Assimilator  
  46  6:33  Assimilator  
  35  8:32  Nexus  
  35  8:36  Pylon  
  35  8:39  Pylon  
  35  8:58  Photon Cannon  
  35  9:00  Photon Cannon  
  35  9:01  Photon Cannon  
  35  9:04  Photon Cannon  
  35  9:07  Photon Cannon  
  35  9:20  Nexus  
  35  9:24  Pylon  
  35  9:27  Pylon  
  35  9:35  Stargate x2  
  35  9:42  Pylon  
  35  9:49  Photon Cannon  
Show
View Real Time Build Order
Export as new Build Order

Ten Zerg - Winner!

Build Orders: Hatch First 

Get SALT Encoding   

  12  0:00  Drone  
  13  0:12  Overlord  
  13  0:17  Drone  
  14  0:31  Drone x2  
  14  0:34  Drone  
  17  0:52  Hatchery  
  17  0:55  Drone  
  17  1:30  Drone x2  
  19  1:34  Spawning Pool  
  19  1:35  Extractor  
  17  1:54  Drone x3  
  20  2:10  Drone x2  
  22  2:21  Zergling x4  
  24  2:26  Drone  
  25  2:34  Drone  
  26  2:44  Drone x2  
  26  2:51  Hatchery  
  27  2:54  Zergling x2  
  28  3:01  Overlord x2  
  28  3:21  Drone x5  
  33  3:32  Drone  
  33  3:33  Drone  
  35  3:36  Queen x2  
  35  3:37  Metabolic Boost  
  39  3:45  Drone x2  
  41  3:51  Drone  
  42  3:59  Drone  
  42  4:02  Drone  
  44  4:07  Spore Crawler  
  43  4:11  Spine Crawler  
  43  4:12  Spore Crawler  
  43  4:14  Spine Crawler  
  43  4:15  Drone x2  
  41  4:24  Drone x2  
  41  4:26  Queen, Drone  
  46  4:32  Pneumatized Carapace  
  46  4:57  Overlord x3  
  46  4:58  Overlord x3  
  46  5:02  Evolution Chamber  
  46  5:04  Evolution Chamber  
  46  5:05  Lair  
  44  5:21  Hatchery  
  43  5:24  Drone x6  
  49  5:41  Zerg Missile Weapons Level 1  
  49  5:48  Extractor  
  47  5:54  Zergling x4  
  47  5:55  Zergling x6  
  52  6:16  Zergling x2  
  52  6:17  Zergling x10  
  55  6:30  Zergling x2  
  55  6:31  Zergling x10  
  59  6:43  Spore Crawler  
  59  6:44  Spore Crawler x2  
  59  6:46  Zerg Ground Armor Level 1  
  56  6:50  Hydralisk Den  
  53  7:21  Hydralisk  
  53  7:22  Hydralisk  
  55  7:26  Extractor  
  55  7:27  Extractor  
  49  7:31  Spore Crawler  
  49  7:32  Spore Crawler  
  46  7:42  Hydralisk x2  
  47  8:02  Hydralisk  
  47  8:03  Hydralisk  
  51  8:11  Hatchery  
  50  8:44  Zergling x12  
  56  8:48  Hatchery  
  55  9:07  Hatchery  
  55  9:09  Hydralisk  
  54  9:10  Hydralisk  
  58  9:28  Spore Crawler  
  58  9:29  Spore Crawler x2  
  58  9:30  Spore Crawler  
  54  9:33  Spore Crawler  
  54  9:34  Zergling x8  
  57  9:46  Hydralisk  
  57  9:47  Hydralisk  
  61  9:56  Hydralisk  
  61  9:57  Hydralisk x4  
  70  10:07  Zergling x2  
  70  10:08  Zergling x4  
Tags
 
Add a new tag
Caveats
  • Supply blocks, unpowered buildings, or Contaminate may cause inaccurate times.
  • Supply counts are checked every 10 seconds.